 Dungeon Crawl Stone Soup version 0.20.0-15-g7f486f2 (webtiles) character file.

145903 glosham the Brawler (level 16, -6/198 HPs)
             Began as a Troll Monk on June 10, 2017.
             Was the Champion of Cheibriados.
             Mangled by a tentacled monstrosity (9 damage)
             ... on level 2 of the Swamp on June 11, 2017.
             The game lasted 06:14:42 (25306 turns).

glosham the Brawler (Troll Monk)                   Turns: 25306, Time: 06:14:44

Health: -6/198     AC:  6    Str: 40    XL:     16   Next: 88%
Magic:  10/21      EV: 20    Int: 21    God:    Cheibriados [******]
Gold:   2806       SH:  0    Dex: 27    Spells: 2/23 levels left

rFire    . . .     SeeInvis .     - Unarmed
rCold    + + +     Gourm    +   (shield currently unavailable)
rNeg     + . .     Faith    .   (armour currently unavailable)
rPois    +         Spirit   .   (helmet currently unavailable)
rElec    +         Reflect  .   (cloak currently unavailable)
rCorr    .         Harm     +   (gloves unavailable)
MR       +....                  (boots unavailable)
Stlth    ++........             z - amulet of harm
Regen    0.9/turn               A - ring "Uril" {+Inv rElec rF+ rN+ Int-3}
MPRegen  0.2/turn               B - ring of wizardry

@: ice-form, marked, slowed, constricted, very slow
A: unfitting armour, fast metabolism 3, gourmand, regeneration 1, screaming 1
a: End Transformation, Bend Time, Temporal Distortion, Slouch, Step From Time,
Renounce Religion, Evoke Invisibility


You were on level 2 of the Swamp.
You worshipped Cheibriados.
Cheibriados was exalted by your worship.
You were full.
You were a creature of crystalline ice.
You visited 5 branches of the dungeon, and saw 26 of its levels.
You visited the Abyss 1 time.
You also visited: Ice Cave and Volcano.

You collected 2806 gold pieces.

Inventory:

Hand Weapons
 c - a +0 blowgun
 d - the +5 dagger "ETAOIN SHRDLU" {speed, +Blink rElec Str+6}
   (You found it on level 9 of the Dungeon)

   Attacks with this weapon are significantly faster.
   It affects your strength (+6).
   It insulates you from electricity.
   It lets you blink.
   Cheibriados disapproves of the use of such an item.
Missiles
 f - 28 large rocks
 C - 775 stones (quivered)
 E - 9 curare-tipped needles
 G - a throwing net
 L - 8 needles of confusion
Armour
 H - +0 swamp dragon scales
 W - a +2 hat of magic resistance (melded)
 X - a +2 robe of magic resistance (melded)
 Y - a scarf of resistance (melded)
Magical Staves
 a - an uncursed staff of wizardry {!a}
Jewellery
 z - an amulet of harm (around neck)
 A - the ring "Uril" (left front paw) {+Inv rElec rF+ rN+ Int-3}
   (You acquired it on level 2 of the Lair of Beasts)

   [ring of positive energy]

   It affects your intelligence (-3).
   It protects you from fire.
   It insulates you from electricity.
   It protects you from negative energy.
   It lets you turn invisible.
 B - a ring of wizardry (right front paw)
 D - an uncursed ring of protection from fire
 F - an uncursed ring of flight
 I - an uncursed ring of see invisible
 P - an uncursed ring of poison resistance
Wands
 g - a wand of digging (11/24)
 h - a wand of confusion (32/48)
 i - a wand of polymorph (16/24)
 j - a wand of flame (27/48)
Scrolls
 k - 12 scrolls of teleportation
 l - 2 scrolls of summoning
 m - a scroll of fog
 n - 4 scrolls of fear
 o - a scroll of remove curse
 p - 4 scrolls of identify
Potions
 q - 3 potions of cancellation
 r - 8 potions of heal wounds
 s - 12 potions of curing
 t - 3 potions of resistance
 u - 8 potions of brilliance
 v - a potion of invisibility
 w - a potion of lignification
 x - 2 potions of agility
 y - 2 potions of might
 K - 2 potions of mutation {!q}
 M - a potion of ambrosia
Books
 J - a book of Maledictions

   Spells                             Type                      Level
   a - Corona                         Hexes                        1
   b - Ensorcelled Hibernation        Hexes/Ice                    2
   c - Confuse                        Hexes                        3
   d - Tukima's Dance                 Hexes                        3
   e - Dazzling Spray                 Conjuration/Hexes            3
Miscellaneous
 e - a lightning rod (4/4)
Comestibles
 b - 17 bread rations


   Skills:
 * Level 11.9 Fighting
 - Level 1.1 Armour
 - Level 12.7 Dodging
 - Level 1.0 Stealth
 * Level 18.2 Unarmed Combat
 - Level 4.4 Spellcasting
 - Level 7.0 Transmutations
 - Level 4.5 Ice Magic
 - Level 3.6 Invocations
 - Level 4.2 Evocations


You had 2 spell levels left.
You knew the following spells:

 Your Spells              Type           Power        Failure   Level  Hunger
a - Apportation           Tloc           #.....       4%          1    None
i - Alistair's Intoxicat  Tmut/Pois      ###.....     28%         5    ######.
p - Petrify               Tmut/Erth      ###.....     11%         4    ####...
w - Passwall              Tmut/Erth      ###.......   1%          2    #......
x - Blade Hands           Tmut           ####......   7%          5    ######.
C - Ice Form              Ice/Tmut       ####....     4%          4    ####...


Dungeon Overview and Level Annotations

Branches:
Dungeon (15/15)            Temple (1/1) D:6            Lair (6/6) D:9
  Swamp (2/4) Lair:4        Snake (0/4) Lair:2        Slime (0/5) Lair:6
    Orc (2/2) D:11            Elf (0/3) Orc:2        Vaults (0/5) D:14
 Depths (0/5) D:15

Altars:
Ashenzari
Cheibriados
Dithmenos
Hepliaklqana
Kikubaaqudgha
Makhleb
Nemelex Xobeh
Okawaru
Qazlal
Ru
Trog
Uskayaw
Vehumet
Xom
Yredelemnul
Zin
Beogh
Jiyva

Shops:
Orc:2 **(?

Annotations:
Lair:6 1 exclusion


Innate Abilities, Weirdness & Mutations

You are too large for most types of armour.
((You have claws for hands.))
Your metabolism is lightning-fast.
You like to eat raw meat.
Your natural rate of healing is unusually fast.
((You are covered in fur. (AC +1)))
((You have very tough skin. (AC +2)))
You occasionally shout uncontrollably at your foes.


Message History

The spriggan hits you with a spear. The bog body completely misses you. x2
You closely miss the spriggan.
The spriggan is almost dead.
The spriggan hits you with a spear!
* * * LOW HITPOINT WARNING * * *
The bog body points at you and mumbles some strange words.
You feel as though you will be slow longer.
You pummel the spriggan like a punching bag!!!!
You freeze the spriggan.
You kill the spriggan!
Cheibriados appreciates the change of pace.
The tentacled monstrosity tentacle-slaps you.
* * * LOW HITPOINT WARNING * * *
The tentacled monstrosity tentacle-slaps you!
* * * LOW HITPOINT WARNING * * *
The tentacled monstrosity tentacle-slaps you.
* * * LOW HITPOINT WARNING * * *
The tentacled monstrosity grabs you.
* * * LOW HITPOINT WARNING * * *
The tentacled monstrosity constricts you.
The bog body completely misses you.
The bog body touches you but does no damage.
Okay, then.
Adjust (i)tems, (s)pells, or (a)bilities?
Adjust which ability?
No such ability.
The flow of time bends around you.
Cheibriados rebukes the bog body.
The bog body seems to slow down.
The tentacled monstrosity resists with almost no effort.
You feel slightly less full.
The tentacled monstrosity tentacle-slaps you.
* * * LOW HITPOINT WARNING * * *
The tentacled monstrosity tentacle-slaps you!
* * * LOW HITPOINT WARNING * * *
The tentacled monstrosity barely misses you.
* * * LOW HITPOINT WARNING * * *
The tentacled monstrosity constricts you!
The tentacled monstrosity tentacle-slaps you!
You die...

♣♣♣♣♣ ♣♣♣♣♣♣♣♣♣♣♣♣♣♣♣♣
♣♣♣♣≈..♣♣♣♣♣<≈.≈≈..♣♣≈.≈≈§.
♣.≈..≈≈.≈♣..≈≈≈≈≈≈≈...≈.≈≈≈
♣.≈..≈≈≈..)Y≈≈≈≈≈≈≈≈§..♣♣≈..
♣...≈.≈≈≈.n≈X≈≈≈≈≈≈≈≈..♣♣♣♣♣
♣♣...≈≈≈≈≈≈≈≈≈≈≈≈≈≈≈.≈♣♣♣ ♣
♣≈...≈≈≈≈≈≈≈≈≈≈≈.≈♣♣≈..≈♣ ♣
♣...§≈≈≈≈..≈≈≈≈≈.♣....≈.♣ ♣
.≈≈..≈≈≈...≈..≈≈.....≈≈≈♣
≈≈≈.≈....≈≈≈♣♣≈≈..≈≈♣♣♣♣
≈≈.≈...≈≈≈.♣♣♣♣♣.≈≈ ♣♣..


You could see a tentacled monstrosity and a bog body.

Vanquished Creatures
  Rupert (D:15)
  A lich (Abyss:1)
  Gastronok (D:12)
  A tentacled starspawn (Abyss:1)
  Agnes (D:14)
  A frost giant (D:14)
  3 very ugly things (Swamp:1)
  2 entropy weavers (Lair:5)
  The ghost of kalagan the Quickloader, a journeyman KoFi of Uskayaw (Lair:6)
  Snorg (D:11)
  A fire dragon (Lair:6)
  Josephine (Swamp:1)
  2 rakshasas
  9 hydras
  4 centaur warriors
  A ghost crab (Swamp:1)
  11 two-headed ogres
  The ghost of KGB the Cleaver, a novice NaFi of Okawaru (D:8)
  A death knight (D:13)
  3 alligators (Swamp:1)
  A queen ant (Lair:5)
  A thrashing horror (Abyss:1)
  5 death yaks (Lair:6)
  Urug (D:13)
  Sonja (Orc:2)
  A deep elf knight (D:14)
  A fire crab (Volcano)
  10 skeletal warriors
  A swamp dragon (Swamp:1)
  3 unseen horrors (D:13)
  A glowing orange brain (D:15)
  Pikel (D:8)
  A phantasmal warrior (D:13)
  An orc sorcerer (Orc:2)
  2 orb spiders (shapeshifter) (D:15)
  2 lindwurms
  A wolf spider (D:15)
  A wolf spider zombie (D:14)
  9 orc knights
  4 cyclopes
  5 deep elf magi
  3 manticores
  10 ugly things
  A salamander (shapeshifter) (D:15)
  Maurice (Orc:2)
  9 black mambas
  4 gargoyles
  3 molten gargoyles
  An orange demon (Abyss:1)
  3 centaur zombies
  16 spiny frogs
  3 ice statues (IceCv)
  Psyche (D:8)
  A smoke demon (Abyss:1)
  14 komodo dragons
  A freezing wraith (Abyss:1)
  5 yaktaurs
  5 rime drakes
  2 tengu conjurers
  6 polar bears
  3 ancient zymes (Abyss:1)
  4 meliai (D:14)
  9 trolls
  5 hornets
  5 tyrant leeches
  3 bog bodies
  14 hippogriffs
  6 dream sheep (Lair:4)
  12 slime creatures
  4 blink frogs
  2 large abominations (Abyss:1)
  6 shadows
  5 wyverns
  4 spriggans
  53 yaks
  7 wraiths
  4 fire bats (Volcano)
  2 vampires
  2 hungry ghosts
  4 basilisks
  A steam dragon (Lair:6)
  Grum (D:11)
  9 vampire mosquitoes
  A chaos spawn (Abyss:1)
  A neqoxec (Abyss:1)
  6 wargs
  2 nagas (Lair:2)
  7 hell hounds
  4 swamp worms
  An acid dragon (D:15)
  14 soldier ants
  10 water moccasins
  4 porcupines
  53 orc warriors
  2 swamp drakes
  8 phantoms
  4 slaves
  A black bear (shapeshifter) (D:15)
  4 black bears
  A necrophage (D:13)
  14 ice beasts
  6 sky beasts
  11 ogres
  26 wolves
  10 crocodiles
  18 centaurs
  Blork the orc (D:4)
  2 big kobolds
  17 bullfrogs
  3 small abominations (Abyss:1)
  A wyvern skeleton (D:14)
  2 water moccasin skeletons
  4 scorpions
  12 killer bees
  24 wights
  5 howler monkeys
  An electric eel (Lair:6)
  6 crimson imps
  2 bullfrog zombies
  7 hounds
  12 lava snakes
  A quasit (D:10)
  4 jellies
  3 bullfrog skeletons
  17 orc priests
  10 centaur skeletons
  An iron imp (Abyss:1)
  4 iguanas
  28 orc wizards
  Ijyb (D:4)
  37 worker ants
  A killer bee zombie (D:8)
  A howler monkey zombie (D:5)
  A howler monkey skeleton (D:5)
  15 adders
  3 gnolls (D:5)
  4 shadow imps
  An adder zombie (D:6)
  An adder skeleton (D:5)
  A worm (D:6)
  3 dart slugs
  6 leopard geckos
  104 orcs
  9 bats
  7 giant cockroaches
  3 goblins
  8 hobgoblins
  4 jackals
  3 quokkas
  A ball python (D:6)
  4 frilled lizards
  17 kobolds
  A leopard gecko skeleton (D:4)
  A leopard gecko zombie (D:8)
  A quokka zombie (D:6)
  4 rats
  A fungus (Lair:5)
  21 plants (Lair:3)
993 creatures vanquished.

Vanquished Creatures (collateral kills)
  A dream sheep (Lair:4)
1 creature vanquished.

Vanquished Creatures (others)
  2 bushes
  10 fungi
  5 plants
  2 starspawn tentacles (Abyss:1)
19 creatures vanquished.

Grand Total: 1013 creatures vanquished

Notes
Turn   | Place    | Note
-------+----------+-------------------------------------------
     0 | D:1      | glosham the Troll Monk began the quest for the Orb.
     0 | D:1      | Reached XP level 1. HP: 22/22 MP: 0/0
   246 | D:2      | Reached XP level 2. HP: 29/29 MP: 1/1
   404 | D:4      | Noticed a phantom
   453 | D:4      | Killed a phantom
   453 | D:4      | Reached skill level 5 in Unarmed Combat
   453 | D:4      | Reached XP level 3. HP: 33/36 MP: 2/2
   453 | D:4      | Reached XP level 4. HP: 40/44 MP: 3/3
   467 | D:4      | Noticed a phantom
   517 | D:4      | Killed a phantom
   517 | D:4      | Reached skill level 6 in Unarmed Combat
   517 | D:4      | Reached XP level 5. HP: 31/50 MP: 4/4
   583 | D:4      | Noticed Blork the orc
   593 | D:4      | Killed Blork the orc
   657 | D:4      | Reached skill level 7 in Unarmed Combat
   657 | D:4      | Reached XP level 6. HP: 58/59 MP: 5/5
   684 | D:4      | Noticed Ijyb
   718 | D:4      | Killed Ijyb
   996 | D:5      | Entered Level 5 of the Dungeon
  1067 | D:5      | Reached skill level 8 in Unarmed Combat
  1087 | D:5      | Reached XP level 7. HP: 66/66 MP: 6/6
  1454 | D:5      | Reached skill level 9 in Unarmed Combat
  1495 | D:5      | Reached XP level 8. HP: 59/74 MP: 7/7
  1683 | D:6      | Reached skill level 10 in Unarmed Combat
  1812 | D:6      | Found a staircase to the Ecumenical Temple.
  1830 | Temple   | Entered the Ecumenical Temple
  1933 | Temple   | Became a worshipper of Cheibriados the Contemplative
  1933 | Temple   | Reached * piety under Cheibriados
  1933 | Temple   | Reached ** piety under Cheibriados
  2451 | D:1      | Reached skill level 11 in Unarmed Combat
  2914 | D:3      | Reached *** piety under Cheibriados
  3688 | D:6      | Noticed a hippogriff
  3696 | D:6      | Killed a hippogriff
  3838 | D:6      | Reached XP level 9. HP: 79/80 MP: 8/8
  3933 | D:6      | Found a sparkling altar of Nemelex Xobeh.
  4006 | D:7      | Reached skill level 12 in Unarmed Combat
  4172 | D:7      | Reached **** piety under Cheibriados
  4519 | D:7      | Reached skill level 13 in Unarmed Combat
  4755 | D:8      | Noticed a two-headed ogre
  4763 | D:8      | Killed a two-headed ogre
  4763 | D:8      | Reached skill level 3 in Fighting
  4763 | D:8      | Reached skill level 1 in Invocations
  4871 | D:8      | Reached XP level 10. HP: 91/91 MP: 10/10
  4946 | D:8      | Noticed Pikel
  5205 | D:8      | Reached skill level 2 in Invocations
  5267 | D:8      | Killed Pikel
  5267 | D:8      | Reached skill level 14 in Unarmed Combat
  5475 | D:8      | Reached ***** piety under Cheibriados
  5745 | D:8      | Reached skill level 3 in Invocations
  5748 | D:8      | Noticed Psyche
  5754 | D:8      | Killed Psyche
  5754 | D:8      | Reached skill level 4 in Fighting
  5846 | D:8      | Noticed KGB's ghost (novice NaFi)
  5859 | D:8      | Killed KGB's ghost
  5906 | D:8      | Got an ancient falchion
  6105 | D:9      | Learned a level 5 spell: Blade Hands
  6486 | D:9      | Reached skill level 1 in Transmutations
  6548 | D:9      | Found a staircase to the Lair.
  6810 | D:9      | Found a bloodstained altar of Trog.
  6831 | D:9      | Got a bloodstained dagger
  6924 | D:9      | Reached XP level 11. HP: 90/101 MP: 12/12
  6955 | D:9      | Reached skill level 5 in Fighting
  6955 | D:9      | Reached skill level 15 in Unarmed Combat
  6958 | D:9      | Reached skill level 1 in Armour
  7024 | Lair:1   | Entered Level 1 of the Lair of Beasts
  7177 | Lair:1   | Reached skill level 2 in Transmutations
  7464 | Lair:1   | Reached skill level 1 in Spellcasting
  7546 | Lair:1   | Reached skill level 3 in Transmutations
  7573 | Lair:1   | Identified a scroll of acquirement
  7697 | D:10     | Entered Level 10 of the Dungeon
  7829 | D:10     | Reached ****** piety under Cheibriados
  8174 | D:10     | Reached skill level 2 in Spellcasting
  8188 | D:10     | Noticed a two-headed ogre
  8269 | D:10     | Reached skill level 4 in Transmutations
  8448 | D:10     | Killed a two-headed ogre
  8596 | D:10     | Reached skill level 5 in Transmutations
  8824 | D:10     | Reached skill level 6 in Transmutations
  9209 | D:9      | Learned a level 4 spell: Ice Form
  9342 | D:9      | Identified the +5 dagger "ETAOIN SHRDLU" {speed, +Blink rElec Str+6} (You found it on level 9 of the Dungeon)
  9353 | D:9      | Identified the +1 falchion of Wrongful Imprisonment {speed, +Fly rN+} (You found it on level 8 of the Dungeon)
  9427 | Lair:2   | Noticed a four-headed hydra
  9429 | Lair:2   | Reached XP level 12. HP: 96/111 MP: 14/14
  9444 | Lair:2   | Killed a four-headed hydra
  9498 | Lair:2   | Found a staircase to the Snake Pit.
  9532 | Lair:2   | Reached skill level 7 in Transmutations
  9737 | Lair:2   | Reached skill level 3 in Spellcasting
  9905 | Lair:2   | Got a sparkling brass ring
  9907 | Lair:2   | Identified the ring "Uril" {+Inv rElec rF+ rN+ Int-3} (You acquired it on level 2 of the Lair of Beasts)
  9945 | Lair:3   | Reached skill level 1 in Evocations
 10236 | Lair:3   | Reached skill level 4 in Spellcasting
 10363 | Lair:3   | Reached skill level 2 in Evocations
 10686 | Lair:3   | Noticed a four-headed hydra
 10691 | Lair:3   | Killed a four-headed hydra
 10880 | Lair:3   | Reached skill level 3 in Evocations
 11031 | Lair:4   | Found a staircase to the Swamp.
 11188 | Lair:4   | Reached skill level 6 in Fighting
 11359 | Lair:4   | Reached skill level 4 in Evocations
 11708 | Lair:4   | Reached skill level 3 in Dodging
 11992 | Lair:5   | Reached XP level 13. HP: 121/123 MP: 13/18
 12009 | Lair:4   | Reached skill level 4 in Dodging
 12057 | Lair:5   | Noticed an entropy weaver
 12059 | Lair:5   | Noticed an entropy weaver
 12405 | Lair:5   | Killed an entropy weaver
 12405 | Lair:5   | Reached skill level 5 in Dodging
 12511 | Lair:5   | Killed an entropy weaver
 12675 | Lair:5   | Reached skill level 6 in Dodging
 12976 | Lair:5   | Reached skill level 7 in Dodging
 13408 | D:11     | Learned a level 2 spell: Passwall
 13413 | D:11     | Learned a level 4 spell: Petrify
 13618 | D:11     | Noticed Snorg
 13621 | D:11     | Killed Snorg
 13668 | D:11     | Found a frozen archway.
 13690 | D:11     | Reached skill level 8 in Dodging
 13727 | IceCv    | Entered an ice cave
 14084 | IceCv    | Identified the Collected Works on Nocuous Talismans
 14090 | IceCv    | Got crude ice dragon scales
 14135 | IceCv    | Identified the cursed +0 ice dragon scales "Liomumn" {rF- rC++ rN+ Dex+4 SInv} (You found it in an ice cave)
 14142 | IceCv    | Learned a level 5 spell: Alistair's Intoxication
 14303 | D:11     | Reached skill level 9 in Dodging
 14369 | D:11     | Noticed Grum
 14377 | D:11     | Cast into level 1 of the Abyss (Grum)
 14378 | Abyss:1  | Found a corrupted altar of Lugonu.
 14386 | Abyss:1  | Identified The Last Papyrus of the Greatest Mummy
 14445 | Abyss:1  | Noticed a lich
 14446 | Abyss:1  | Gained mutation: You occasionally shout uncontrollably at your foes. [a neqoxec]
 14458 | Abyss:1  | Killed a lich
 14483 | Abyss:1  | Found a corrupted altar of Lugonu.
 14495 | Abyss:1  | Found a corrupted altar of Lugonu.
 14545 | Abyss:1  | Found a burning altar of Makhleb.
 14549 | Abyss:1  | Found a sacrificial altar of Ru.
 14560 | Abyss:1  | Reached skill level 10 in Dodging
 14589 | Abyss:1  | Reached XP level 14. HP: 121/131 MP: 14/19
 14664 | Abyss:1  | Noticed a tentacled starspawn
 14668 | Abyss:1  | Killed a tentacled starspawn
 14786 | Abyss:1  | Found a corrupted altar of Lugonu.
 14863 | D:11     | Escaped the Abyss
 14867 | D:11     | Killed Grum
 15124 | D:11     | Reached skill level 11 in Dodging
 15176 | D:11     | Found a roughly hewn altar of Beogh.
 15176 | D:11     | Found a staircase to the Orcish Mines.
 15456 | Lair:6   | Entered Level 6 of the Lair of Beasts
 15617 | Lair:6   | Noticed kalagan's ghost (journeyman KoFi)
 15630 | Lair:6   | Killed kalagan's ghost
 15719 | Lair:6   | Found a dark tunnel.
 15756 | Volcano  | Entered a volcano
 15937 | Volcano  | Found a burning altar of Makhleb.
 15943 | Volcano  | Reached skill level 12 in Dodging
 16307 | Lair:6   | Found a viscous altar of Jiyva.
 16307 | Lair:6   | Found a staircase to the Slime Pits.
 16675 | Lair:6   | Reached skill level 7 in Fighting
 16779 | Lair:6   | Found a large runed door.
 16780 | Lair:6   | Found a large runed door.
 17184 | Lair:5   | Reached XP level 15. HP: 133/141 MP: 7/20
 17386 | Orc:1    | Entered Level 1 of the Orcish Mines
 17956 | Orc:2    | Entered Level 2 of the Orcish Mines
 17956 | Orc:2    | Found a staircase to the Elven Halls.
 18050 | Orc:2    | Noticed Sonja
 18091 | Orc:2    | Killed Sonja
 18260 | Orc:2    | Noticed Maurice
 18352 | Orc:2    | Reached skill level 8 in Fighting
 18706 | Orc:2    | Found a roughly hewn altar of Beogh.
 18721 | Orc:2    | Found Ninogy's Assorted Antiques.
 18721 | Orc:2    | Found Ymuarr's Assorted Antiques.
 18833 | Orc:2    | Killed Maurice
 18864 | Orc:2    | Reached skill level 16 in Unarmed Combat
 18870 | Orc:2    | Found Kaorch's Antique Weapon Shop.
 18870 | Orc:2    | Found Wanan's Magic Scroll Shoppe.
 19224 | D:12     | Learned a level 1 spell: Apportation
 19853 | D:12     | Noticed Gastronok
 19862 | D:12     | Killed Gastronok
 19942 | D:12     | Reached skill level 9 in Fighting
 20728 | D:13     | Noticed Urug
 20733 | D:13     | Killed Urug
 20883 | D:14     | Noticed a frost giant
 20890 | D:14     | Killed a frost giant
 20900 | D:14     | Got the battleaxe of Moderation {freeze}
 21159 | D:14     | Identified the +9 battleaxe of Moderation {freeze, Fragile rN++ MP+9 Dex+2} (You took it off a frost giant on level 14 of the Dungeon)
 21254 | D:14     | Reached skill level 10 in Fighting
 21397 | D:14     | Noticed Agnes
 21406 | D:14     | Killed Agnes
 21406 | D:14     | Reached skill level 17 in Unarmed Combat
 21406 | D:14     | Reached skill level 1 in Ice Magic
 21693 | D:14     | You fall through a shaft!
 21693 | D:15     | Entered Level 15 of the Dungeon
 21831 | D:14     | Reached XP level 16. HP: 104/158 MP: 15/21
 21838 | D:14     | Reached skill level 2 in Ice Magic
 22049 | D:14     | Found a gate to the Vaults.
 22149 | D:13     | Reached skill level 3 in Ice Magic
 22551 | D:15     | Found a stormy altar of Qazlal.
 22651 | D:15     | Noticed Rupert
 22659 | D:15     | Killed Rupert
 22875 | D:15     | Reached skill level 4 in Ice Magic
 23041 | D:15     | Reached skill level 11 in Fighting
 23149 | D:15     | Found a staircase to the Depths.
 23976 | Swamp:1  | Entered Level 1 of the Swamp
 24473 | Swamp:1  | Noticed Josephine
 24476 | Swamp:1  | Killed Josephine
 24476 | Swamp:1  | Reached skill level 18 in Unarmed Combat
 24628 | Swamp:1  | Found a burning altar of Makhleb.
 25300 | Swamp:2  | Noticed a tentacled monstrosity
 25306 | Swamp:2  | HP: 12/198 [tentacled monstrosity (8)]
 25306 | Swamp:2  | HP: 3/198 [tentacled monstrosity (9)]
 25306 | Swamp:2  | Mangled by a tentacled monstrosity

Skill      XL: |  1  2  3  4  5  6  7  8  9 10 11 12 13 14 15 16 |
---------------+-------------------------------------------------+-----
Unarmed Combat | 5 6 7 8 9 11 13 14 15 17 18 | 18.2
Fighting       | 3 4 5 6 7 10 11 | 11.9
Invocations    | 1 3 |  3.6
Transmutations | 1 6 7 |  7.0
Armour         | 1 |  1.1
Spellcasting   | 2 4 |  4.4
Evocations     | 4 |  4.2
Dodging        | 3 10 12 | 12.7
Ice Magic      | 1 4 |  4.5
Stealth        | |  1.0

Action                   |  1- 3 |  4- 6 |  7- 9 | 10-12 | 13-15 | 16-18 || total
-------------------------+-------+-------+-------+-------+-------+-------++-------
Melee: Unarmed           |    36 |    63 |   222 |   516 |   835 |   230 ||  1902
       Punch             |       |     1 |    16 |    50 |    55 |    22 ||   144
Throw: Throwing net      |       |     1 |       |       |       |       ||     1
       Stone             |       |       |     8 |    47 |     2 |       ||    57
       Tomahawk          |       |       |     2 |       |       |       ||     2
       Javelin           |       |       |     4 |     6 |       |       ||    10
 Cast: Blade Hands       |       |       |       |    15 |   165 |    46 ||   226
       Ice Form          |       |       |       |     8 |    32 |     8 ||    48
       Alistair's Intoxi |       |       |       |       |     3 |       ||     3
       Passwall          |       |       |       |       |     4 |       ||     4
       Petrify           |       |       |       |       |     2 |       ||     2
Invok: Bend Time         |       |       |       |       |       |     1 ||     1
       Slouch            |       |       |       |       |       |     1 ||     1
 Abil: Evoke Blink       |       |       |       |     1 |       |       ||     1
       End Transformatio |       |       |       |     8 |    70 |    24 ||   102
       Evoke Invisibilit |       |       |       |     2 |     5 |     1 ||     8
       Evoke Flight      |       |       |       |       |     1 |       ||     1
Evoke: Wand              |       |       |       |     4 |     3 |     2 ||     9
  Use: Scroll            |       |       |    17 |    11 |    14 |     3 ||    45
       Potion            |       |       |       |       |     4 |       ||     4
 Stab: Sleeping          |       |     1 |     8 |     6 |     5 |     1 ||    21
       Distracted        |       |       |       |     4 |     1 |       ||     5
       Invisible         |       |       |       |     2 |    16 |     2 ||    20
       Petrified         |       |       |       |       |     1 |       ||     1
       Confused          |       |       |       |       |       |     1 ||     1
  Eat: Chunk             |     8 |     7 |    30 |    57 |   122 |    31 ||   255
       Fruit             |       |       |       |       |     3 |     3 ||     6
       Royal jelly       |       |       |       |       |     1 |       ||     1
       Bread ration      |       |       |       |       |       |     1 ||     1
Armor: Robe              |    13 |    10 |    51 |    44 |    84 |    17 ||   219
       Troll leather arm |       |       |       |    52 |       |       ||    52
       Skin              |       |       |       |     9 |    13 |     4 ||    26
Dodge: Dodged            |    10 |    10 |    88 |   206 |   646 |   163 ||  1123

Table legend:
 A = Turns spent in this place as a percentage of turns spent in the entire game.
 B = Non-inter-level travel turns spent in this place as a percentage of non-inter-level travel turns spent in the entire game.
 C = Inter-level travel turns spent in this place as a percentage of turns spent in this place.
 D = Turns resting spent in this place as a percentage of non-inter-level travel turns spent in this place.
 E = Turns spent auto-exploring this place as a percentage of non-inter-level travel turns spent in this place.
 F = Non-inter-level travel turns spent in this place divided by the number of levels of this place that you've seen.
                   A       B       C       D       E      F
               +-------+-------+-------+-------+-------+----------------------
         Total | 100.0 | 100.0 |   0.6 |   1.7 |   0.7 | 567.2
       Dungeon |  56.0 |  56.0 |   0.8 |   1.6 |   0.7 | 613.7
        Temple |   0.7 |   0.7 |   0.9 |   0.0 |   0.0 | 113.0
          Lair |  26.4 |  26.4 |   0.5 |   2.4 |   0.6 | 724.5
         Swamp |   3.5 |   3.5 |   0.5 |   1.9 |   4.2 | 287.5
  Orcish Mines |   8.3 |   8.3 |   0.5 |   0.4 |   0.4 | 684.0
         Abyss |   2.9 |   3.0 |   0.0 |   0.0 |   0.0 | 488.0
      Ice Cave |   1.0 |   1.1 |   0.0 |   5.8 |   0.0 | 173.0
       Volcano |   1.1 |   1.1 |   0.0 |   6.6 |   0.0 | 181.0
               +-------+-------+-------+-------+-------+----------------------

Table legend:
 A = Kills in this place as a percentage of kills in entire the game.
 B = Kills by you in this place as a percentage of kills by you in the entire game.
 C = Kills by friends in this place as a percentage of kills by friends in the entire game.
 D = Other kills in this place as a percentage of other kills in the entire game.
 E = Experience gained in this place as a percentage of experience gained in the entire game.
 F = Experience gained in this place divided by the number of levels of this place that you have seen.
                   A       B       C       D       E      F
               +-------+-------+-------+-------+-------+----------------------
         Total | 100.0 | 100.0 | 100.0 |  -nan | 100.0 | 7187.4
       Dungeon |  53.1 |  53.2 |   0.0 |  -nan |  45.8 | 6364.2
          Lair |  23.2 |  23.2 | 100.0 |  -nan |  27.0 | 9365.5
         Swamp |   5.2 |   5.2 |   0.0 |  -nan |  11.8 | 12248.0
  Orcish Mines |  13.0 |  13.0 |   0.0 |  -nan |   6.6 | 6874.0
         Abyss |   2.4 |   2.4 |   0.0 |  -nan |   5.4 | 11303.0
      Ice Cave |   1.1 |   1.1 |   0.0 |  -nan |   1.6 | 3237.0
       Volcano |   2.0 |   2.0 |   0.0 |  -nan |   1.9 | 3994.0
               +-------+-------+-------+-------+-------+----------------------

Vault maps used:
D:1:      sevenhm_arrival_forest_fort_large_4
D:4:      uniq_blork_the_orc, uniq_ijyb
D:5:      first_bread
D:6:      minmay_temple_entry_statues_fountains, columned_hall_lemuel,
          nemelex_spade_bored_becter
D:7:      the_bakery
D:8:      uniq_pikel, uniq_psyche
D:9:      erik_lair_orcish_takeover, bloody_trog
D:10:     minmay_the_grid_octo_tiled_squarecenter, special_room,
          minmay_misc_feat_square, corexii_corridor_pit
D:11:     david_orc_5, portal_ice_cave_entry_animals_and_master, uniq_snorg,
          uniq_grum
D:12:     kennysheep_generic_room_13, uniq_gastronok
D:13:     grunt_decor_one_mirror, uniq_urug
D:14:     minmay_coctagon, hangedman_vaults_entry_quadrant_bands,
          serial_park_gazebo, minmay_strange_pillars,
          hangedman_abyss_or_decor_lesser_grid, kennysheep_generic_room_6,
          uniq_agnes
D:15:     gammafunk_enter_depths_forms, minivault_11, grunt_ministairs_6,
          nicolae_qazlal_general_emergency, uniq_rupert
Temple:   roderic_octagonal_lattice_temple
Lair:1:   serial_bayou_shore_b
Lair:2:   guppyfry_snake_entry_garden
Lair:3:   wad_woods_structure_01, patterned_corridor
Lair:4:   swamp_mist, cheibrodos_lair_reptile_den, lemuel_fruit_fields
Lair:5:   minmay_another_anthill, grunt_megastairs_2
Lair:6:   cheibrodos_lair_end_hotspot, dpeg_slime_entry_enclosed_altar,
          nicolae_volcano_entry_lava_flow, serial_bayou_shore_a
Swamp:1:  nicolae_swamp_feature_on_the_river_bank, swamp_pool5,
          infiniplex_staircase_pool_2, uniq_josephine
Swamp:2:  evilmike_swamp_ruin_rubble_2
Orc:2:    st_orc_town, uniq_sonja, uniq_maurice
IceCv:    ice_cave_statue_garden_chambered
Volcano:  volcano_grotto
